 Dungeon Crawl Stone Soup version 0.31-a0-1447-g87ca8d402b (webtiles) character file.

Game seed: 1682860436744871441

1897 Rennog the Basher (level 9, -21/57 HPs)
             Began as a Gargoyle Fighter on Dec 27, 2023.
             Was an Initiate of the Shining One.
             Killed from afar by Maggie (26 damage)
             ... with a bolt of fire
             ... on level 6 of the Dungeon.
             The game lasted 00:08:02 (5191 turns).

Rennog the Basher (Gargoyle Fighter)                Turns: 5191, Time: 00:08:02

Health: -21/57     AC: 20    Str: 22    XL:     9   Next: 15%
Magic:  9/9        EV:  6    Int:  9    God:    the Shining One [......]
Gold:   330        SH:  4    Dex: 11    Spells: 8/8 levels left

rFire   . . .        a - +0 flail
rCold   . . .        c - +0 buckler
rNeg    + . .        l - +0 plate armour
rPois   ∞            (no helmet)
rElec   +            s - +0 cloak
rCorr   .            r - +0 pair of gloves
SInv    .            (no boots)
Will    .....        h - amulet of the acrobat Stlth
                     (no ring)
HPRegen 0.29/turn    (no ring)
MPRegen 0.11/turn

%: acrobat
@: mesmerised, glowing
A: sickness immunity, AC +6, negative energy resistance 1, electricity
resistance, torment resistance 1, petrification resistance
a: Renounce Religion


You were on level 6 of the Dungeon.
You worshipped the Shining One.
The Shining One was noncommittal.
You visited 2 branches of the dungeon, and saw 7 of its levels.
You also visited: Sewer.

You collected 330 gold pieces.

Inventory:

Hand Weapons
 a - a +0 flail (weapon)
 q - the +4 mace of Kareg Kifac {pain, MP+9}
   (You found it on level 3 of the Dungeon)

   MP+9:      It affects your magic capacity (+9).
   The Shining One disapproves of the use of such an item.
Missiles
 u - a throwing net
Armour
 b - a +0 scale mail
 c - a +0 buckler (worn)
 l - a +0 plate armour (worn)
 r - a +0 pair of gloves (worn)
 s - a +0 cloak (worn)
Jewellery
 f - a ring of magical power
 h - an amulet of the acrobat (around neck)
 n - an amulet of magic regeneration
 x - a ring of positive energy
 y - a ring of protection from cold
Scrolls
 e - 2 scrolls of teleportation {unknown}
 g - 2 scrolls of fear {unknown}
 i - 2 scrolls of identify {unknown}
 j - 2 scrolls of amnesia {unknown}
 k - a scroll of brand weapon {unknown}
 m - 2 scrolls of enchant weapon {unknown}
 w - 3 scrolls of revelation {unknown}
Potions
 d - a potion of might
 o - 2 potions of brilliance {unknown}
 p - 2 potions of heal wounds {unknown}
 t - a potion of mutation {unknown}
 v - a potion of curing {unknown}
 z - a potion of ambrosia {unknown}
 A - a potion of invisibility {unknown}
 B - a potion of resistance {unknown}


   Skills:
 - Level 7.5 Fighting
 * Level 9.7 Maces & Flails
 + Level 4.4 Armour
 - Level 3.2 Shields


You had 8 spell levels left.
You didn't know any spells.
Your spell library contained the following spells:

 Spells                   Type           Power      Damage    Failure   Level
 Sting                    Conj/Alch      0%         1d3       100%        1
 Ensorcelled Hibernation  Hex/Ice        0%         N/A       100%        2
 Mercury Vapours          Alch/Air       0%         N/A       100%        2
 Fugue of the Fallen      Necr           0%         N/A       100%        3
 Anguish                  Hex/Necr       0%         N/A       100%        4
 Olgreb's Toxic Radiance  Alch           0%         N/A       100%        4
 Petrify                  Alch/Erth      0%         N/A       100%        4
 Irradiate                Conj/Alch      0%         3d11      100%        5
 Sublimation of Blood     Necr           Unusable   N/A       N/A         2

Dungeon Overview and Level Annotations

Branches:
Dungeon (6/15)             Temple (1/1) D:6           Sewer (visited)

Altars:
Cheibriados
Elyvilon
Gozag
Hepliaklqana
Ru
Sif Muna
Trog
Vehumet
Wu Jian
Xom
Yredelemnul
The Shining One
Lugonu

Shops:
D:4 [

Annotations:
D:6 Maggie


Innate Abilities, Weirdness & Mutations

You are immune to sickness and miasma.
Your stone body is resilient. (AC +6)
You are immune to poison.
You resist negative energy. (rN+)
You are resistant to electric shocks. (rElec)
You are resistant to unholy torment.
You are immune to petrification.


Message History

Maggie gestures at you while chanting. The bolt of fire hits you!
You hit Maggie.
Maggie is heavily wounded.
You hit Maggie.
Maggie is heavily wounded.
Maggie hits you but does no damage.
You thump Maggie!
Maggie is severely wounded.
Maggie smiles, but it's obviously fake.
Maggie mumbles some strange words.
Maggie attempts to bespell you! You resist with almost no effort.
You hit Maggie.
Maggie is severely wounded.
Maggie hits you but does no damage.
You hit Maggie but do no damage.
Maggie is severely wounded.
Maggie hits you but does no damage.
You barely miss Maggie.
Maggie is severely wounded.
Maggie practices a pose.
Maggie gestures wildly while chanting.
Maggie attempts to bespell you!
You are mesmerised by Maggie!
You barely miss Maggie.
Maggie is severely wounded.
Maggie hits you with a +2 scimitar of holy wrath.
You hit Maggie but do no damage.
Maggie is severely wounded.
Maggie hits you with a +2 scimitar of holy wrath!
You closely miss Maggie.
Maggie is severely wounded.
Maggie casts a spell at you. The bolt of fire hits you!
* * * LOW HITPOINT WARNING * * *
You closely miss Maggie.
Maggie is severely wounded.
Maggie casts a spell at you. The bolt of fire hits you!!
You die...

#.#.###....##### #.
#.#............. #.
#.#####....####. #.
#.#...'......... # #.
#.#.###....###.. #.##.
#..........# #.# ...
#..........# #.#
#@##.......#### #.#
#.@........# #.#
#.......##......# #.#
#......<.+......# #.#
#.########......######.#
. +......+......#
#......##....##
#......##....##
#......##....##
#......##......


You could see Maggie (mesmerising).

Vanquished Creatures
  Grinder (D:4)
  Eustachio (D:5)
  Menkaure (D:4)
  A water moccasin (D:5)
  An ice beast (D:6)
  Pargi (Sewer)
  An orc warrior (D:3)
  An ogre (D:4)
  2 kobold brigands (Sewer)
  3 scorpions
  A howler monkey (D:4)
  3 bombardier beetles
  4 hounds
  An orc priest (D:4)
  2 jellies
  An iguana (D:4)
  2 orc wizards (D:4)
  A sleepcap (D:5)
  3 gnolls (D:3)
  6 adders
  4 ufetubi
  4 worms
  2 dart slugs
  6 orcs
  4 bats
  12 endoplasms
  8 giant cockroaches
  8 goblins
  6 hobgoblins
  14 kobolds
  6 quokkas
  8 ball pythons
  5 frilled lizards
  12 rats
136 creatures vanquished.

Notes
Turn   | Place    | Note
-------+----------+-------------------------------------------
     0 | D:1      | Rennog the Gargoyle Fighter began the quest for the Orb.
     0 | D:1      | Reached XP level 1. HP: 14/14 MP: 1/1
   161 | D:1      | Reached XP level 2. HP: 19/19 MP: 2/2
   335 | D:1      | Reached skill level 3 in Maces & Flails
   337 | D:1      | Reached XP level 3. HP: 24/24 MP: 3/3
  1208 | D:2      | Reached XP level 4. HP: 29/29 MP: 4/4
  1593 | D:3      | Reached skill level 4 in Maces & Flails
  1613 | D:3      | Reached XP level 5. HP: 34/34 MP: 5/5
  1667 | D:3      | Identified the +4 mace of Kareg Kifac {pain, MP+9}
  1870 | D:3      | Found an ornate altar of the Wu Jian Council.
  1870 | D:3      | Found a shimmering altar of Xom.
  2405 | D:4      | Reached skill level 5 in Maces & Flails
  2429 | D:4      | Noticed an ogre
  2504 | D:4      | Noticed Grinder
  2511 | D:4      | Reached skill level 5 in Fighting
  2511 | D:4      | Reached XP level 6. HP: 28/40 MP: 6/6
  2524 | D:4      | Killed Grinder
  2525 | D:4      | Reached skill level 6 in Maces & Flails
  2525 | D:4      | Reached XP level 7. HP: 15/44 MP: 7/7
  2740 | D:4      | Noticed Menkaure
  3082 | D:4      | Killed Menkaure
  3168 | D:4      | Found Gaonel's Antique Armour Emporium.
  3199 | D:4      | Reached skill level 7 in Maces & Flails
  3473 | D:3      | HP: 2/46 [orc warrior/+0 hand axe (1)]
  3475 | D:3      | Found a white marble altar of Elyvilon.
  3480 | D:3      | HP: 1/46 [orc/+0 dagger (3)]
  3482 | D:3      | Reached XP level 8. HP: 2/52 MP: 8/8
  3765 | D:5      | Entered Level 5 of the Dungeon
  3897 | D:5      | Noticed Eustachio
  3976 | D:5      | Killed Eustachio
  3977 | D:5      | Reached skill level 8 in Maces & Flails
  3982 | D:5      | Found a glowing drain.
  3989 | Sewer    | Entered a sewer
  4055 | Sewer    | Identified the +1 robe of Anarchy {Regen+ Int+3 Archmagi}
  4074 | Sewer    | Noticed Pargi
  4080 | Sewer    | Killed Pargi
  4407 | D:5      | Noticed a yak
  4407 | D:5      | Noticed a yak
  4407 | D:5      | Noticed a yak
  4407 | D:5      | Noticed a yak
  4597 | D:5      | Reached skill level 9 in Maces & Flails
  4760 | D:6      | Found a staircase to the Ecumenical Temple.
  4766 | Temple   | Entered the Ecumenical Temple
  4790 | Temple   | Became a worshipper of the Shining One
  4831 | D:6      | Reached XP level 9. HP: 45/57 MP: 9/9
  5172 | D:6      | Noticed Maggie
  5191 | D:6      | Killed from afar by Maggie

Illustrated notes

Levels and vault maps discovered:
D:1:      spicycebolla_green_bress_n_ham, layout_basic, minmay_pentomino_v2
D:2:      layout_basic, serial_bayou_pond_e, minmay_misc_feat_columns
D:3:      layout_loops_ring, nicolae_overflow_hidden_temple,
          gammafunk_temple_overflow_wave, minmay_vboxes
D:4:      layout_basic, serial_shops, nicolae_lakefront_shop, uniq_grinder,
          uniq_menkaure
D:5:      layout_layer_cave, lightli_sewer_entry_pipes, uniq_eustachio
D:6:      layout_basic, nicolae_overflow_crystal_walls,
          minmay_temple_entry_hall, uniq_edmund, uniq_maggie, uniq_blork_the_orc
Temple:   kb_corrupted_temple

Skill      XL: |  1  2  3  4  5  6  7  8 |
---------------+-------------------------+-----
Maces & Flails | 3 4 5 6 7 9 |  9.7
Fighting       | 4 5 6 7 |  7.5
Armour         | 4 |  4.4
Shields        | |  3.2

Action                     |  1- 3 |  4- 6 |  7- 9 || total
---------------------------+-------+-------+-------++-------
  Melee: Flail             |   119 |    63 |    51 ||   233
         Mace              |       |    58 |   229 ||   287
    Use: Potion            |       |       |     1 ||     1
 Armour: Scale mail        |    89 |       |       ||    89
         Plate armour      |       |   110 |   320 ||   430
  Dodge: Dodged            |    69 |    60 |   118 ||   247
  Block: Buckler           |    40 |    24 |    66 ||   130

Table legend: (Time is in decaauts)
 A = Elapsed time spent in this place.
 B = Non-inter-level travel time spent in this place.
 C = Inter-level travel time spent in this place.
 D = Time resting spent in this place.
 E = Time spent auto-exploring this place.
 F = Levels seen in this place.
 G = Mean time per level.
                   A        B        C        D        E       F      G
               +--------+--------+--------+--------+--------+-----+--------+
         Total |   5302 |   4822 |    480 |    697 |   2949 |   8 |  662.8 |
       Dungeon |   5077 |   4638 |    439 |    697 |   2834 |   6 |  846.2 |
        Temple |     44 |      3 |     41 |      0 |      0 |   1 |   44.0 |
         Sewer |    180 |    180 |      0 |      0 |    114 |   1 |  180.0 |
               +--------+--------+--------+--------+--------+-----+--------+

Top non-repeatable levels by time:
     D:3: 1632 daAuts
     D:1: 879 daAuts
     D:4: 696 daAuts
     D:5: 692 daAuts
     D:2: 667 daAuts
     D:6: 510 daAuts
   Sewer: 180 daAuts
  Temple: 44 daAuts
